 Dungeon Crawl Stone Soup version 0.24-a0-464-g6b2be6b8c7 (webtiles) character file.

Game seed: 18323568405280709570

17 Mithandil the Conjurer (level 2, 0/15 HPs)
             Began as a Deep Elf Conjurer on July 4, 2019.
             Slain by Ijyb (3 damage)
             ... on level 3 of the Dungeon.
             The game lasted 00:07:06 (644 turns).

Mithandil the Conjurer (Deep Elf Conjurer)           Turns: 644, Time: 00:07:06

Health: 0/15       AC:  4    Str:  5    XL:     2   Next: 44%
Magic:  8/8        EV: 13    Int: 19    God:
Gold:   58         SH:  0    Dex: 15    Spells: 4/7 levels left

rFire    . . .     SeeInvis .   a - +0 dagger
rCold    . . .     Gourm    .   (no shield)
rNeg     . . .     Faith    .   d - +0 robe
rPois    .         Spirit   .   b - +0 helmet
rElec    .         Reflect  .   l - +0 cloak
rCorr    .         Harm     .   (no gloves)
MR       .....                  (no boots)
Stlth    ++........             (no amulet)
HPRegen  0.05/turn              (no ring)
MPRegen  0.11/turn              (no ring)

@: no status effects
A: no striking features
a: no special abilities


You were on level 3 of the Dungeon.
You were not hungry.

You visited 1 branch of the dungeon, and saw 4 of its levels.

You collected 58 gold pieces.

Inventory:

Hand Weapons
 a - a +0 dagger (weapon)
Missiles
 e - 20 stones (quivered)
 h - 9 arrows
Armour
 b - a +0 helmet (worn)
 d - a +0 robe (worn)
 l - a +0 cloak (worn)
Scrolls
 m - a scroll of blinking {unknown}
Potions
 f - 2 potions of cancellation {unknown}
 g - 2 potions of degeneration {unknown}
 i - a potion of lignification {unknown}
 j - a potion of flight {unknown}
 k - a potion of might {unknown}
Comestibles
 c - 4 rations


   Skills:
 + Level 0.3 Short Blades
 + Level 2.8 Dodging
 + Level 2.6 Stealth
 * Level 3.4 Spellcasting
 * Level 4.6 Conjurations


You had 4 spell levels left.
You knew the following spells:

 Your Spells              Type           Power        Failure   Level  Hunger
a - Magic Dart            Conj           ###.         2%          1    None
b - Searing Ray           Conj           ###...       3%          2    ##.....

Your spell library contained the following spells:

 Spells                   Type           Power        Failure   Level  Hunger
 Dazzling Spray           Conj/Hex       ##....       17%         3    ###....
 Iskenderun's Mystic Bla  Conj           ###.....     22%         4    ####...
 Force Lance              Conj/Tloc      ##......     50%         4    ####...
 Fulminant Prism          Conj/Hex       ##........   50%         4    ####...


Dungeon Overview and Level Annotations

Branches:
Dungeon (4/15)
 Temple: D:4-7

Altars:

Annotations:
D:3 Ijyb


Message History

You bump into the rock wall.
You feel less confused.
Ijyb zaps a wand.
You resist with significant effort. Ijyb hits you but does no damage.
Ijyb hits you.
Found a scroll labeled FIYTSOSALU.
Ijyb hits you but does no damage. Ijyb barely misses you.
You see here a scroll labeled FIYTSOSALU.
Ijyb completely misses you. Ijyb screams, "I no like you!"
Ijyb zaps a wand.
You resist with significant effort.
Ijyb zaps a wand.
You resist with significant effort.
The now-empty wand crumbles to dust.
Ijyb screams, "It's all mine!"
Ijyb hits you. x2
* * * LOW HITPOINT WARNING * * *
Ijyb hits you but does no damage. Ijyb barely misses you.
Ijyb closely misses you. Ijyb hits you.
You die...

#...?.....#
#######..######.#
............# #.#
######...#.###.###.#.#
#................#
##.>.#####.###...# #..##
#.# .# #..######.#
#......@g.# .#
##'###########.#
##...###.. ..#.# ###
##.....##.####>#.# ..##
##.......#.##.....#
...####..........##....##
......'.................#
...####..........#.#....#
#.## ##.......#......#.#


You could see Ijyb.

Vanquished Creatures
  A dart slug (D:2)
  A leopard gecko (D:2)
  A giant cockroach (D:1)
  3 goblins (D:1)
  A hobgoblin (D:1)
  3 kobolds (D:1)
  A ball python (D:2)
  4 rats (D:1)
15 creatures vanquished.

Notes
Turn   | Place    | Note
-------+----------+-------------------------------------------
     0 | D:1      | Mithandil the Deep Elf Conjurer began the quest for the
                  | Orb.
     0 | D:1      | Reached XP level 1. HP: 10/10 MP: 6/6
   164 | D:1      | Reached XP level 2. HP: 15/15 MP: 6/8
   168 | D:1      | Learned a level 2 spell: Searing Ray
   608 | D:3      | Noticed Ijyb
   644 | D:3      | Slain by Ijyb

Levels and vault maps discovered:
D:1:      saegor_arrival_simple_a, layout_rooms
D:2:      layout_loops_ring, grunt_temple_overflow_open, hangedman_decor_points
D:3:      minmay_bubble_buster, layout_loops_corners, gup_sewer_entry_glass,
          chequers_ecumenical_altar_lobes, uniq_ijyb
D:4:      layout_loops_ring, nicolae_ru_great_annihilating_truth

Action                   || total
-------------------------++-------
Melee: Dagger            ||     1
 Cast: Magic Dart        ||    26
  Use: Scroll            ||     2
Armor: Robe              ||     6
Dodge: Dodged            ||    12

Table legend:
 A = Non-vault XP
 B = Vault XP
 C = Vault XP percentage of total XP
 D = Non-vault monster count
 E = Vault monster count
 F = Vault count percentage of total count
                 A         B        C        D         E       F
            +---------+---------+-------+---------+---------+-------
      Total |      25 |       0 |   0.0 |      15 |       0 |   0.0
            +---------+---------+-------+---------+---------+-------
        D:1 |      17 |       0 |   0.0 |      12 |       0 |   0.0
        D:2 |       8 |       0 |   0.0 |       3 |       0 |   0.0
            +---------+---------+-------+---------+---------+-------
